 Dungeon Crawl Stone Soup version 0.30-a0-779-g7971cf19c3 (webtiles) character file.

Game seed: 9873783269348963901

2 Esekla the Sneak (level 1, 16/16 HPs)
             Began as an Octopode Delver on Feb 17, 2023.
             Quit the game on level 5 of the Dungeon.
             The game lasted 00:01:27 (92 turns).

Esekla the Sneak (Octopode Delver)                    Turns: 92, Time: 00:01:27

Health: 16/16      AC:  1    Str: 11    XL:     1   Next: 30%
Magic:  1/1        EV: 13    Int: 12    God:
Gold:   79         SH:  0    Dex: 13    Spells: 0/0 levels left

rFire   . . .      SeeInvis .    a - +0 falchion
rCold   . . .      Faith    .    (no shield)
rNeg    . . .      Spirit   .    (helmet restricted)
rPois   .          Reflect  .    (no amulet)
rElec   .          Harm     .    (no ring)
rCorr   .          Rampage  .    (no ring)
Will    .....                    (no ring)
Stlth   ++++                     (no ring)
HPRegen 0.22/turn                (no ring)
MPRegen 0.07/turn                (no ring)
                                 (no ring)
                                 (no ring)

@: no status effects
A: almost no armour, amphibious, 8 rings, camouflage 1, gelatinous body 1,
(nimble swimmer 1), tentacles
a: no special abilities


You were on level 5 of the Dungeon.
You visited 1 branch of the dungeon, and saw 1 of its levels.

You collected 79 gold pieces.

Inventory:

Hand Weapons
 a - a +0 falchion (weapon)
 h - a +0 dagger
 i - the +6 dagger of Qeataops {venom, Str+3}
   (You found it on level 5 of the Dungeon)

   Str:       It affects your strength (+3).
Wands
 f - a wand of digging (3)
Scrolls
 b - a scroll of fog
 c - a scroll of teleportation {unknown}
 d - a scroll of fear
Potions
 e - a potion of haste
 g - a potion of magic {unknown}


   Skills:
 * Level 3.0 Fighting
 * Level 2.0 Long Blades
 * Level 2.0 Dodging
 + Level 6.6 Stealth


You couldn't memorise any spells.
You didn't know any spells.
Your spell library was empty.

Dungeon Overview and Level Annotations

Branches:
Dungeon (5/15)
 Temple: D:4-7

Altars:
The Shining One

Shops:
D:5 *(


Innate Abilities, Weirdness & Mutations

You cannot wear most types of armour.
You are amphibious.
You can wear up to eight rings at the same time.
Your skin changes colour to match your surroundings (Stealth+).
Your rubbery body absorbs attacks. (AC +1, EV +1)
((You are camouflaged when in or above water. (Stealth+)))
You have tentacles for arms and can constrict up to eight enemies at once.


Message History

You see here 19 gold pieces.
You now have 45 gold pieces (gained 19).
Found 17 gold pieces.
The helpless orc fails to defend itself.
You hit the orc. Your grab misses the orc.
The orc is heavily wounded.
The orc misses you.
You slash the orc!
You kill the orc!
You see here a +0 dagger.
h - a +0 dagger You see here a human corpse.
There is an entrance to Rocloisch's Weapon Boutique here.
You now have 62 gold pieces (gained 17).
There is an entrance to Rocloisch's Weapon Boutique here.
As you read the scroll of magic mapping, it crumbles to dust.
You feel aware of your surroundings.
You sensed 1 altar, and 1 shop/portal.
Found a scroll labelled BEORUL HAATO.
c - a scroll labelled BEORUL HAATO You open the door.
There is an open door here.
Found Totisac's Assorted Antiques.
Found a stone staircase leading up and a stone staircase leading down.
There is an entrance to Totisac's Assorted Antiques here.
You can access your shopping list by pressing '$'.
Found 4 stones.
You open the large door.
Found 17 gold pieces.
Found a glowing golden altar of the Shining One.
There is a large open door here.
Found 5 stones.
There is a large open door here.
Found a bloodstained dagger.
You now have 79 gold pieces (gained 17).
A bullfrog comes into view.
You see here the +6 dagger of Qeataops {venom, Str+3}.
i - the +6 dagger of Qeataops {venom, Str+3} Are you sure you want to abandon this character and quit the game? (Confirm with "yes".)
Okay, then.
Are you sure you want to abandon this character and quit the game? (Confirm with "yes".)

###### ***** #...(# *,,,*
####....# *,,,*
###..@....########
*,,,*******#...##....##....(####*
*,,,,,...............''.........,
*,,,,*####.≈≈≈≈≈≈≈≈≈.##.....###**
**+*** **#.≈.......≈.##.....# *,*
*...≈.≈§≈≈≈...#####.## ###
**,****#.#.≈.≈...≈.≈.# #.####..
*,,,,,F....≈.≈._.≈.≈.# #.#.....
***+**####.≈.≈...≈.≈.# #...<...


There were no monsters in sight!

Vanquished Creatures
  An orc (D:5)
1 creature vanquished.

Notes
Turn   | Place    | Note
-------+----------+-------------------------------------------
     0 | D:5      | Esekla the Octopode Delver began the quest for the Orb.
     0 | D:5      | Reached XP level 1. HP: 16/16 MP: 1/1
    14 | D:5      | Found Rocloisch's Weapon Boutique.
    60 | D:5      | Found Totisac's Assorted Antiques.
    77 | D:5      | Found a glowing golden altar of the Shining One.
    87 | D:5      | Identified the +6 dagger of Qeataops {venom, Str+3}
    87 | D:5      | Noticed a bullfrog
    92 | D:5      | Quit the game

Illustrated notes

Levels and vault maps discovered:
D:5:      layout_basic, mainiacjoe_overflow_concentric_impassable, serial_shops,
          nicolae_shop_bloodbath_and_beyond, nicolae_stop_n_shop_2

Action                     || total
---------------------------++-------
  Melee: Falchion          ||     2
    Use: Scroll            ||     1
   Stab: Sleeping          ||     1
  Dodge: Dodged            ||     1

Table legend: (Time is in decaauts)
 A = Elapsed time spent in this place.
 B = Non-inter-level travel time spent in this place.
 C = Inter-level travel time spent in this place.
 D = Time resting spent in this place.
 E = Time spent auto-exploring this place.
 F = Levels seen in this place.
 G = Mean time per level.
                   A        B        C        D        E       F      G
               +--------+--------+--------+--------+--------+-----+--------+
         Total |     92 |     92 |      0 |      0 |      0 |   1 |   92.0 |
       Dungeon |     92 |     92 |      0 |      0 |      0 |   1 |   92.0 |
               +--------+--------+--------+--------+--------+-----+--------+

Top non-repeatable levels by time:
     D:5: 92 daAuts
